 Dungeon Crawl Stone Soup version 0.31-a0-446-g07c4bd200f (webtiles) character file.

Game seed: 8361671869582412400

555 Ethylacetat the Insei (level 7, -2/38 HPs)
             Began as a Vine Stalker Monk on Aug 3, 2023.
             Succumbed to a killer bee's poison
             ... on level 4 of the Dungeon.
             The game lasted 00:05:12 (2680 turns).

Ethylacetat the Insei (Vine Stalker Monk)           Turns: 2680, Time: 00:05:12

Health: -2/38      AC:  5    Str: 13    XL:     7   Next: 30%
Magic:  0/14       EV: 11    Int: 10    God:
Gold:   237        SH:  0    Dex: 19    Spells: 14/14 levels left

rFire   . . .        i - +2 falchion (flame)
rCold   . . .        c - orb {light}
rNeg    . . .        m - +0 ring mail
rPois   .            (no helmet)
rElec   .            (no cloak)
rCorr   .            (no gloves)
SInv    .            (no boots)
Will    .....        (no amulet)
Stlth   +            g - ring of flight
HPRegen 1.06/turn    (no ring)
MPRegen 0.14/turn

%: guardian spirit
@: lethally poisoned (-2 -> -9), flying, glowing
A: fangs 2, regeneration 1, magic shield, antimagic bite, no potion heal 2
a: no special abilities


You were on level 4 of the Dungeon.
You visited 1 branch of the dungeon, and saw 5 of its levels.

You collected 237 gold pieces.

Inventory:

Hand Weapons
 i - a +2 falchion of flaming (weapon)
Missiles
 h - 2 poisoned darts
Armour
 c - an orb of light (worn)
 m - a +0 ring mail (worn)
Jewellery
 g - a ring of flight (left hand)
 p - a ring of see invisible
Scrolls
 f - 4 scrolls of teleportation {unknown}
 j - 2 scrolls of enchant weapon {unknown}
 k - 2 scrolls of fog {unknown}
 l - a scroll of fear {unknown}
 n - a scroll of enchant armour {unknown}
 q - a scroll of vulnerability {unknown}
 r - 2 scrolls of identify {unknown}
 s - a scroll of brand weapon {unknown}
 t - a scroll of poison {unknown}
Potions
 a - a potion of curing
 b - a potion of ambrosia
 d - a potion of heal wounds
 e - a potion of lignification {unknown}
 o - a potion of degeneration {unknown}


   Skills:
 + Level 4.8 Fighting
 - Level 2.4 Dodging
 + Level 5.2 Unarmed Combat
 + Level 4.0 Spellcasting


You had 14 spell levels left.
You didn't know any spells.
Your spell library contained the following spells:

 Spells                   Type           Power      Damage    Failure   Level
 Apportation              Tloc           4%         N/A       50%         1
 Necrotise                Necr           8%         1d4       50%         1
 Summon Small Mammal      Summ           8%         N/A       50%         1
 Sublimation of Blood     Necr           2%         N/A       63%         2
 Petrify                  Tmut/Erth      2%         N/A       99%         4
 Irradiate                Conj/Tmut      1%         3d12      100%        5


Dungeon Overview and Level Annotations

Branches:
Dungeon (5/15)
 Temple: D:4-7

Altars:
Dithmenos
Hepliaklqana
Kikubaaqudgha
Nemelex Xobeh
Okawaru
Uskayaw


Innate Abilities, Weirdness & Mutations

You have extremely sharp teeth.
Your natural rate of healing is unusually fast.
When hurt, damage is shared between your health and your magic reserves.
Your bite disrupts and absorbs the magic of your enemies.
Potions cannot restore your health.


Message History

The killer bee is moderately wounded.
The killer bee closely misses you.
You hit the killer bee. You burn the killer bee.
The killer bee is moderately wounded.
The killer bee barely misses you.
The killer bee stings you but does no damage.
The killer bee stings you. x2
You are poisoned.
The killer bee poisons you! The killer bee misses you.
The killer bee closely misses you.
The killer bee stings you but does no damage.
You feel very sick.
The killer bee stings you. x2; The killer bee stings you!
You are more poisoned.
The killer bee poisons you! The killer bee barely misses you.
The killer bee stings you but does no damage.
The killer bee stings you. The killer bee barely misses you.
The killer bee stings you.
You are lethally poisoned!
The killer bee poisons you!
You fly upwards.
* * * LOW HITPOINT WARNING * * *
You feel extremely sick.
There is a stone staircase leading down here.
It was a potion of curing.
Your system rejects the healing.
You feel better. The killer bee stings you.
* * * LOW HITPOINT WARNING * * *
You are poisoned.
The killer bee poisons you! The killer bee stings you.
* * * LOW HITPOINT WARNING * * *
The killer bee stings you.
* * * LOW HITPOINT WARNING * * *
You are more poisoned.
The killer bee poisons you!
Unknown command.
You are too injured to fight recklessly!
Unknown command.
You barely miss the killer bee. Your bite misses the killer bee.
The killer bee is moderately wounded.
You die...

########## #........###
#..........#
...).......#
...........#######
..............yy@#
......##########y#
......'.........y#
......##...#####.######
......##...# #.......#
.##........# #..####.#
.##........# #..##...#
.##........####..##.###
.##..............##.#


You could see 4 killer bees.

Vanquished Creatures
  An ogre (D:4)
  2 scorpions (D:4)
  A jelly (D:4)
  2 hounds
  Terence (D:2)
  An iguana (D:4)
  3 adders
  11 gnolls
  A dart slug (D:2)
  7 bats
  5 endoplasms
  3 giant cockroaches (D:1)
  11 goblins
  9 hobgoblins
  2 jackals (D:3)
  3 kobolds (D:2)
  6 quokkas
  6 ball pythons
  3 frilled lizards
  5 rats (D:1)
83 creatures vanquished.

Notes
Turn   | Place    | Note
-------+----------+-------------------------------------------
     0 | D:1      | Ethylacetat the Vine Stalker Monk began the quest for the
                  | Orb.
     0 | D:1      | Reached XP level 1. HP: 11/11 MP: 2/2
    81 | D:1      | Reached XP level 2. HP: 12/16 MP: 2/4
   257 | D:1      | Reached skill level 1 in Spellcasting
   520 | D:1      | Reached XP level 3. HP: 20/20 MP: 3/5
  1094 | D:2      | Found a hide-covered altar of Uskayaw.
  1269 | D:2      | Noticed Terence
  1286 | D:2      | Killed Terence
  1287 | D:2      | Gained mutation: Your natural rate of healing is unusually
                  | fast. [Vine Stalker growth]
  1287 | D:2      | Reached XP level 4. HP: 6/24 MP: 2/8
  1495 | D:3      | Found an iron altar of Okawaru.
  1520 | D:3      | Reached skill level 4 in Unarmed Combat
  1520 | D:3      | Reached XP level 5. HP: 28/29 MP: 9/9
  1700 | D:3      | Found a hazy altar of Hepliaklqana.
  1701 | D:3      | Found a shadowy altar of Dithmenos.
  1701 | D:3      | Noticed a shadow
  1919 | D:3      | Found an ancient bone altar of Kikubaaqudgha.
  1958 | D:4      | Identified the +5 whip "Cuifairi" {flame, Drain Int+7}
  1968 | D:4      | Found a sparkling altar of Nemelex Xobeh.
  2013 | D:4      | Noticed an ogre
  2021 | D:4      | Killed an ogre
  2022 | D:4      | Reached XP level 6. HP: 9/33 MP: 2/11
  2225 | D:4      | Reached skill level 5 in Unarmed Combat
  2225 | D:4      | Reached XP level 7. HP: 38/38 MP: 11/13
  2674 | D:5      | Entered Level 5 of the Dungeon
  2679 | D:4      | HP: 1/38 [killer bee (2)]
  2680 | D:4      | Succumbed to a killer bee's poison

Illustrated notes

Levels and vault maps discovered:
D:1:      amcnicky_arrival_choice, layout_basic, minmay_misc_feat_pillars,
          minmay_domino_4
D:2:      layout_rooms, basic_altar, uniq_terence
D:3:      layout_basic, riverfiend_overflow_shadow_ancestor,
          mainiacjoe_overflow_big_doors
D:4:      layout_basic, lemuel_doored_altar, grunt_ministairs_2
D:5:      layout_loops_ring, amcnicky_altar_gilded, serial_shops,
          nicolae_stop_n_shop_2, st_stairs_14, uniq_blork_the_orc, uniq_sigmund

Skill      XL: |  1  2  3  4  5  6  7 |
---------------+----------------------+-----
Spellcasting   | 1 2 3 4 |  4.0
Fighting       | 3 4 |  4.8
Unarmed Combat | 4 5 |  5.2
Dodging        | |  2.4

Action                     |  1- 3 |  4- 6 |  7- 9 || total
---------------------------+-------+-------+-------++-------
  Melee: Unarmed           |    78 |       |       ||    78
         Bite              |    25 |    23 |     8 ||    56
         Falchion          |    21 |    73 |    21 ||   115
    Use: Potion            |     4 |       |     1 ||     5
 Armour: Robe              |    17 |       |       ||    17
         Ring mail         |     6 |    28 |     4 ||    38
  Dodge: Dodged            |    64 |    54 |    17 ||   135

Table legend: (Time is in decaauts)
 A = Elapsed time spent in this place.
 B = Non-inter-level travel time spent in this place.
 C = Inter-level travel time spent in this place.
 D = Time resting spent in this place.
 E = Time spent auto-exploring this place.
 F = Levels seen in this place.
 G = Mean time per level.
                   A        B        C        D        E       F      G
               +--------+--------+--------+--------+--------+-----+--------+
         Total |   2707 |   2631 |     76 |      0 |   2088 |   5 |  541.4 |
       Dungeon |   2707 |   2631 |     76 |      0 |   2088 |   5 |  541.4 |
               +--------+--------+--------+--------+--------+-----+--------+

Top non-repeatable levels by time:
     D:1: 912 daAuts
     D:4: 735 daAuts
     D:3: 550 daAuts
     D:2: 505 daAuts
     D:5: 4 daAuts
